 Dungeon Crawl Stone Soup version 0.28.0-45-g0d030f2227 (webtiles) character file.

Game seed: 10795340514908426825

4508 DearestLeader the Blocker (level 10, 0/82 HPs)
             Began as a Gnoll Fighter on Mar 30, 2022.
             Was a Believer of Okawaru.
             Succumbed to a water moccasin's poison
             ... on level 8 of the Dungeon.
             The game lasted 00:13:32 (7512 turns).

DearestLeader the Blocker (Gnoll Fighter)           Turns: 7512, Time: 00:13:33

Health: 0/82       AC: 14    Str: 27    XL:     10   Next: 39%
Magic:  17/17      EV: 11    Int: 11    God:    Okawaru [**....]
Gold:   343        SH:  6    Dex: 11    Spells: 19/19 levels left

rFire   + . .      SeeInvis .   w - +4 hand axe of Untimely Demise {pain, Str+5 Int+3 Stlth+}
rCold   + + .      Faith    .   c - +0 buckler
rNeg    . . .      Spirit   .   H - +3 scale mail {rC+}
rPois   .          Reflect  .   A - +0 helmet
rElec   .          Harm     .   t - +0 cloak
rCorr   .          Rampage  .   (no gloves)
Will    .....                   (no boots)
Stlth   ++........              (no amulet)
HPRegen 0.23/turn               h - ring of protection from fire
MPRegen 0.15/turn               F - ring of protection from cold

@: lethally poisoned (0 -> -3), flying, hasted, very quick
A: fangs 1, strong nose, distributed training, strong 1
a: Renounce Religion, Heroism


You were on level 8 of the Dungeon.
You worshipped Okawaru.
Okawaru was pleased with you.
You visited 2 branches of the dungeon, and saw 9 of its levels.

You collected 343 gold pieces.

Inventory:

Hand Weapons
 d - a +0 broad axe
 w - the +4 hand axe of Untimely Demise (weapon) {pain, Str+5 Int+3 Stlth+}
   (You found it on level 4 of the Dungeon)

   In the hands of one skilled in necromantic magic, it inflicts extra damage on
   living creatures.
   Str:       It affects your strength (+5).
   Int:       It affects your intelligence (+3).
   Stlth:     It makes you more stealthy.
 G - a +4 dire flail of protection
 M - a +2 flail of draining
Missiles
 D - 4 throwing nets (quivered)
Armour
 c - a +0 buckler (worn)
 o - a +0 plate armour
 t - a +0 cloak (worn)
 A - a +0 helmet (worn)
 H - a +3 scale mail of cold resistance (worn)
Jewellery
 h - a ring of protection from fire (left hand)
 m - a ring of flight
 r - a ring of resist corrosion
 F - a ring of protection from cold (right hand)
 I - a ring of protection from fire
 K - a ring of willpower
Wands
 b - a wand of flame (36)
 s - a wand of mindburst (12)
 v - a wand of paralysis (7)
 L - a wand of iceblast (9)
Scrolls
 a - a scroll of blinking {unknown}
 e - 2 scrolls of magic mapping
 f - 3 scrolls of immolation
 g - a scroll of enchant armour
 i - a scroll of acquirement {unknown}
 k - 4 scrolls of noise
 l - a scroll of fear
 u - a scroll of holy word {unknown}
 y - a scroll of silence {unknown}
 B - 2 scrolls of teleportation
 E - 2 scrolls of vulnerability
 J - a scroll of amnesia {unknown}
Potions
 n - a potion of degeneration
 q - a potion of brilliance


   Skills:
 + Level 8.5 Fighting
 + Level 5.2 Short Blades
 + Level 5.2 Long Blades
 + Level 7.0 Axes
 + Level 5.2 Maces & Flails
 + Level 5.2 Polearms
 + Level 5.2 Staves
 + Level 5.2 Slings
 + Level 5.2 Bows
 + Level 5.2 Crossbows
 + Level 5.2 Throwing
 + Level 8.5 Armour
 + Level 5.2 Dodging
 + Level 5.2 Stealth
 + Level 8.5 Shields
 + Level 5.2 Unarmed Combat
 + Level 5.2 Spellcasting
 + Level 4.3 Conjurations
 + Level 4.3 Hexes
 + Level 4.3 Summonings
 + Level 4.3 Necromancy
 + Level 4.3 Translocations
 + Level 4.3 Transmutations
 + Level 4.3 Fire Magic
 + Level 4.3 Ice Magic
 + Level 4.3 Air Magic
 + Level 4.3 Earth Magic
 + Level 4.3 Poison Magic
 + Level 5.7 Invocations
 + Level 5.2 Evocations


You had 19 spell levels left.
You didn't know any spells.
Your spell library contained the following spells:

 Spells                   Type           Power      Damage    Failure   Level
 Static Discharge         Conj/Air       12%        N/A       13%         2
 Confusing Touch          Hex            12%        N/A       26%         3
 Dispel Undead            Necr           12%        3d9       65%         4
 Sticky Flame             Conj/Fire      12%        2d4       65%         4
 Yara's Violent Unravell  Hex/Tmut       6%         3d5       94%         5
 Enfeeble                 Hex            6%         N/A       100%        7


Dungeon Overview and Level Annotations

Branches:
Dungeon (8/15)             Temple (1/1) D:7            Lair (0/6) D:8

Altars:
Ashenzari
Cheibriados
Dithmenos
Elyvilon
Fedhas
Gozag
Hepliaklqana
Makhleb
Nemelex Xobeh
Okawaru
Qazlal
Ru
Trog
Uskayaw
Vehumet
Wu Jian
Xom
Yredelemnul
Zin
The Shining One

Shops:
D:1 ?

Annotations:
D:8 3 runed translucent doors


Innate Abilities, Weirdness & Mutations

You have very sharp teeth.
Your uncanny sense of smell can sniff out nearby items.
Your experience applies equally to all skills.
Your muscles are strong. (Str +2)


Message History

You feel very sick. The water moccasin barely misses you.
The water moccasin closely misses you.
You feel sick.
You feel sick. You block the water moccasin's attack.
You feel sick.
You feel sick.
Okay, then.
As you read the scroll of teleportation, it crumbles to dust.
You feel strangely unstable.
You feel sick. The water moccasin barely misses you.
The water moccasin bites you.
* * * LOW HITPOINT WARNING * * *
You feel sick.
You feel sick.
You are no longer poisoned.
The water moccasin bites you.
* * * LOW HITPOINT WARNING * * *
You are lethally poisoned!
The water moccasin poisons you!
Your surroundings suddenly seem different.
Found 49 bolts, 32 gold pieces, an embroidered cloak and a potion of mutation.
Found a staircase to the Lair.
* * * LOW HITPOINT WARNING * * *
You feel very sick.
Unknown command.
It was a potion of haste.
You feel yourself speed up.
* * * LOW HITPOINT WARNING * * *
You feel sick.
It was a potion of flight.
You feel very buoyant.
You fly up into the air.
* * * LOW HITPOINT WARNING * * *
You feel sick.
Really quaff the potion of mutation?
You feel extremely strange.
You regain control of your magic.
You feel stronger.
* * * LOW HITPOINT WARNING * * *
You feel sick.
* * * LOW HITPOINT WARNING * * *
You feel sick.
You die...

#########.##..#
###.........†.Y.#
##.........#.###.#
#.......$.♣...##.#
#♣...........♣.##.#
#...(....l♣....##.#
.......(.......##.#
...................
.......>@......##.#
.......♣......P#
♣....♣.........#
#........[!.$P##
#.........♣...#
##$.P...........
...........####
..#......#


You could see a wyvern (wandering).

Vanquished Creatures
  Erica (D:8)
  Prince Ribbit (D:4)
  Sigmund (D:2)
  2 yaks (D:8)
  2 basilisks (D:8)
  Eustachio (D:6)
  Edmund (D:5)
  Duvessa (D:5)
  6 water moccasins
  An ice beast (D:7)
  2 black bears (D:6)
  3 ogres
  A necrophage (D:6)
  A centaur (D:5)
  A phantom (D:3)
  A kobold brigand (D:6)
  2 bullfrogs
  5 scorpions
  Dowan (D:5)
  A water moccasin skeleton (D:6)
  4 howler monkeys (D:7)
  A centaur zombie (D:8)
  A jelly (D:4)
  Crazy Yiuf (D:6)
  A hound (D:5)
  A bullfrog skeleton (D:6)
  A gnoll shaman (D:8)
  Natasha (twice) (D:2)
  5 iguanas
  2 orc wizards
  7 adders
  A howler monkey skeleton (D:7)
  A shadow imp (D:6)
  A white imp (D:7)
  2 dart slugs
  6 orcs
  6 ball pythons
  4 giant cockroaches
  3 hobgoblins
  8 jackals
  12 kobolds
  4 quokkas
  2 bats (D:3)
  2 frilled lizards
  7 goblins
  6 rats
126 creatures vanquished.

Vanquished Creatures (others)
  2 bushes (D:8)
  2 fungi (D:8)
  22 plants (D:8)
26 creatures vanquished.

Grand Total: 152 creatures vanquished

Notes
Turn   | Place    | Note
-------+----------+-------------------------------------------
     0 | D:1      | DearestLeader the Gnoll Fighter began the quest for the
                  | Orb.
     0 | D:1      | Reached XP level 1. HP: 23/23 MP: 1/1
    74 | D:1      | Reached XP level 2. HP: 26/29 MP: 2/2
   115 | D:1      | You fall into a shaft and drop 1 floor!
   476 | D:1      | Found Giuscha's Magic Scroll Boutique.
   830 | D:2      | Reached XP level 3. HP: 35/35 MP: 2/4
   888 | D:2      | Noticed Sigmund
   910 | D:2      | Killed Sigmund
   911 | D:2      | Reached skill level 1 in Short Blades
   911 | D:2      | Reached skill level 1 in Long Blades
   911 | D:2      | Reached skill level 1 in Maces & Flails
   911 | D:2      | Reached skill level 1 in Polearms
   911 | D:2      | Reached skill level 1 in Staves
   911 | D:2      | Reached skill level 1 in Slings
   911 | D:2      | Reached skill level 1 in Bows
   911 | D:2      | Reached skill level 1 in Crossbows
   911 | D:2      | Reached skill level 1 in Throwing
   911 | D:2      | Reached skill level 1 in Dodging
   911 | D:2      | Reached skill level 1 in Stealth
   911 | D:2      | Reached skill level 1 in Unarmed Combat
   911 | D:2      | Reached skill level 1 in Spellcasting
   911 | D:2      | Reached skill level 1 in Conjurations
   911 | D:2      | Reached skill level 1 in Hexes
   911 | D:2      | Reached skill level 1 in Summonings
   911 | D:2      | Reached skill level 1 in Necromancy
   911 | D:2      | Reached skill level 1 in Translocations
   911 | D:2      | Reached skill level 1 in Transmutations
   911 | D:2      | Reached skill level 1 in Fire Magic
   911 | D:2      | Reached skill level 1 in Ice Magic
   911 | D:2      | Reached skill level 1 in Air Magic
   911 | D:2      | Reached skill level 1 in Earth Magic
   911 | D:2      | Reached skill level 1 in Poison Magic
   911 | D:2      | Reached skill level 1 in Invocations
   911 | D:2      | Reached skill level 1 in Evocations
   911 | D:2      | Reached XP level 4. HP: 10/41 MP: 4/6
   911 | D:2      | Reached XP level 5. HP: 12/47 MP: 4/7
  1405 | D:2      | Noticed Natasha
  1412 | D:2      | Killed Natasha
  1449 | D:2      | Noticed Natasha
  1457 | D:2      | Reached XP level 6. HP: 52/53 MP: 8/8
  1483 | D:2      | Killed Natasha
  1782 | D:3      | Reached skill level 5 in Axes
  2009 | D:3      | Found a faded altar of an unknown god.
  2262 | D:4      | Identified the +4 hand axe of Untimely Demise {pain, Str+5
                  | Int+3 Stlth+}
  2470 | D:4      | Reached XP level 7. HP: 47/59 MP: 10/10
  2678 | D:4      | Found a hide-covered altar of Uskayaw.
  3223 | D:5      | Entered Level 5 of the Dungeon
  3223 | D:5      | Noticed Edmund
  3235 | D:5      | Killed Edmund
  3323 | D:5      | Noticed Duvessa
  3323 | D:5      | Noticed Dowan
  3354 | D:5      | Killed Duvessa
  3356 | D:5      | Gained mutation: Your spells are a little harder to cast,
                  | but a little more powerful. [potion of mutation]
  3362 | D:5      | Killed Dowan
  3363 | D:5      | Reached XP level 8. HP: 11/67 MP: 12/12
  4255 | D:5      | Noticed Prince Ribbit
  4295 | D:4      | Killed Prince Ribbit
  4456 | D:5      | Found a blossoming altar of Fedhas.
  4658 | D:6      | Reached XP level 9. HP: 60/72 MP: 14/14
  4796 | D:6      | Found a sparkling altar of Nemelex Xobeh.
  4888 | D:6      | Found a runed translucent door.
  4889 | D:6      | Noticed Crazy Yiuf
  5059 | D:6      | Found a bloodstained altar of Trog.
  5114 | D:6      | Noticed Eustachio
  5134 | D:6      | Killed Eustachio
  5293 | D:6      | Found a shadowy altar of Dithmenos.
  5514 | D:6      | Killed Crazy Yiuf
  5697 | D:7      | Found a staircase to the Ecumenical Temple.
  5709 | Temple   | Entered the Ecumenical Temple
  5747 | Temple   | Became a worshipper of Warmaster Okawaru
  6152 | D:7      | Found a glowing golden altar of the Shining One.
  6201 | D:7      | Reached skill level 5 in Invocations
  6472 | D:8      | Noticed Erica
  6845 | D:8      | Reached * piety under Okawaru
  6851 | D:8      | HP: 3/74 [something (11)]
  6859 | D:8      | HP: 3/74 [something (3)]
  6864 | D:8      | Killed Erica
  6865 | D:8      | Reached skill level 5 in Short Blades
  6865 | D:8      | Reached skill level 5 in Long Blades
  6865 | D:8      | Reached skill level 5 in Maces & Flails
  6865 | D:8      | Reached skill level 5 in Polearms
  6865 | D:8      | Reached skill level 5 in Staves
  6865 | D:8      | Reached skill level 5 in Slings
  6865 | D:8      | Reached skill level 5 in Bows
  6865 | D:8      | Reached skill level 5 in Crossbows
  6865 | D:8      | Reached skill level 5 in Throwing
  6865 | D:8      | Reached skill level 5 in Dodging
  6865 | D:8      | Reached skill level 5 in Stealth
  6865 | D:8      | Reached skill level 5 in Unarmed Combat
  6865 | D:8      | Reached skill level 5 in Spellcasting
  6865 | D:8      | Reached skill level 5 in Evocations
  6865 | D:8      | Reached XP level 10. HP: 3/81 MP: 17/17
  6912 | D:8      | Reached ** piety under Okawaru
  7211 | D:8      | Found a huge runed translucent gate.
  7211 | D:8      | Noticed a death yak
  7213 | D:8      | Found a huge runed translucent gate.
  7213 | D:8      | Found a huge runed translucent gate.
  7213 | D:8      | Noticed a manticore
  7507 | D:8      | Found a staircase to the Lair.
  7507 | D:8      | HP: 4/82 [poisoned by a water moccasin]
  7510 | D:8      | Lost mutation: Your spells are a little harder to cast, but
                  | a little more powerful. [potion of mutation]
  7510 | D:8      | Gained mutation: Your muscles are strong. (Str +2) [potion
                  | of mutation]
  7510 | D:8      | HP: 1/82 [poisoned by a water moccasin]
  7512 | D:8      | Succumbed to a water moccasin's poison

Illustrated notes

Levels and vault maps discovered:
D:1:      erik_arrival_triangle_small, layout_basic, serial_shops, shop_scrolls,
          nrook_mini_backslash
D:2:      layout_loops_ring, roderic_serpentine_path, uniq_sigmund, uniq_natasha
D:3:      layout_loops_ring, basic_ecumenical_altar
D:4:      layout_loops_ring, mainiacjoe_overflow_brackets, minmay_joined_circles
D:5:      layout_basic, mainiacjoe_overflow_six_doors_small,
          uniq_prince_ribbit1, uniq_edmund, uniq_duvessa
D:6:      layout_basic, trog_ov_bears_minmay, grunt_dithmenos_shadows,
          nemelex_xobeh_ov_fountains_minmay, uniq_crazy_yiuf_cottage,
          uniq_eustachio
D:7:      layout_loops_cross, lemuel_round_altar, minmay_temple_entry_slanted
D:8:      lemuel_bear_cage, layout_loops_ring, minmay_lair_entry_grove,
          kennysheep_generic_room_11, uniq_erica
Temple:   eino_temple_lava

Skill      XL: |  1  2  3  4  5  6  7  8  9 10 |
---------------+-------------------------------+-----
Short Blades   | 1 2 3 5 |  5.2
Long Blades    | 1 2 3 5 |  5.2
Maces & Flails | 1 2 3 5 |  5.2
Polearms       | 1 2 3 5 |  5.2
Staves         | 1 2 3 5 |  5.2
Slings         | 1 2 3 5 |  5.2
Bows           | 1 2 3 5 |  5.2
Crossbows      | 1 2 3 5 |  5.2
Throwing       | 1 2 3 5 |  5.2
Dodging        | 1 2 3 5 |  5.2
Stealth        | 1 2 3 5 |  5.2
Unarmed Combat | 1 2 3 5 |  5.2
Spellcasting   | 1 2 3 5 |  5.2
Conjurations   | 1 2 3 4 |  4.3
Hexes          | 1 2 3 4 |  4.3
Summonings     | 1 2 3 4 |  4.3
Necromancy     | 1 2 3 4 |  4.3
Translocations | 1 2 3 4 |  4.3
Transmutations | 1 2 3 4 |  4.3
Fire Magic     | 1 2 3 4 |  4.3
Ice Magic      | 1 2 3 4 |  4.3
Air Magic      | 1 2 3 4 |  4.3
Earth Magic    | 1 2 3 4 |  4.3
Poison Magic   | 1 2 3 4 |  4.3
Invocations    | 1 2 3 4 5 |  5.7
Evocations     | 1 2 3 5 |  5.2
Axes           | 5 6 7 |  7.0
Fighting       | 7 8 |  8.5
Armour         | 7 8 |  8.5
Shields        | 7 8 |  8.5

Action                   |  1- 3 |  4- 6 |  7- 9 | 10-12 || total
-------------------------+-------+-------+-------+-------++-------
Melee: War axe           |    50 |    45 |       |       ||    95
       Bite              |     7 |     9 |    47 |     7 ||    70
       Hand axe          |       |    35 |   331 |    55 ||   421
       Whip              |       |    18 |       |       ||    18
Invok: Heroism           |       |       |     1 |       ||     1
Evoke: Wand              |       |       |     1 |       ||     1
  Use: Potion            |     2 |       |    10 |     3 ||    15
       Scroll            |       |       |     9 |     1 ||    10
 Stab: Sleeping          |       |     1 |     4 |       ||     5
Armor: Scale mail        |    17 |    44 |   124 |    18 ||   203
Dodge: Dodged            |    21 |    42 |   133 |    20 ||   216
Block: Buckler           |    17 |    21 |    69 |    14 ||   121
